 Dungeon Crawl Stone Soup version 0.29-a0-823-gc37b1572da (webtiles) character file.

Game seed: 11950589735906895247

172 gruber the Caller (level 5, -8/28 HPs)
             Began as a Tengu Summoner on July 8, 2022.
             Killed by nerve-wracking pain
             ... invoked by an orc priest
              (13 damage)
             ... on level 3 of the Dungeon on July 9, 2022.
             The game lasted 00:08:29 (3953 turns).

gruber the Caller (Tengu Summoner)                  Turns: 3953, Time: 00:08:30

Health: -8/28      AC: 10    Str:  9    XL:     5   Next: 53%
Magic:  1/9        EV: 14    Int: 17    God:
Gold:   105        SH:  0    Dex: 14    Spells: 2/8 levels left

rFire   + . .      SeeInvis .   j - +1 dagger (protect)
rCold   . . .      Faith    .   (no shield)
rNeg    . . .      Spirit   .   a - +0 robe
rPois   .          Reflect  .   (helmet restricted)
rElec   .          Harm     .   e - +0 cloak
rCorr   .          Rampage  .   (no gloves)
Will    .....                   (boots unavailable)
Stlth   ++........              (no amulet)
HPRegen 0.09/turn               k - ring of protection from fire
MPRegen 0.11/turn               (no ring)

@: under a protective aura, flying quickly and evasively, quick
A: beak, talons 3, nimble flight
a: no special abilities


You were on level 3 of the Dungeon.
You visited 1 branch of the dungeon, and saw 3 of its levels.

You collected 105 gold pieces.

Inventory:

Hand Weapons
 j - a +1 dagger of protection (weapon)
 u - a +0 dagger of venom
Armour
 a - a +0 robe (worn)
 e - a +0 cloak (worn)
Jewellery
 k - a ring of protection from fire (left hand)
Scrolls
 c - 5 scrolls of enchant armour {unknown}
 d - 3 scrolls of identify {unknown}
 g - a scroll of silence {unknown}
 l - a scroll of blinking {unknown}
 o - a scroll of enchant weapon {unknown}
 r - a scroll of brand weapon {unknown}
 s - a scroll of poison {unknown}
 t - a scroll of vulnerability {unknown}
 v - a scroll of fog {unknown}
Potions
 b - a potion of magic
 f - a potion of might {unknown}
 h - a potion of brilliance {unknown}
 i - 3 potions of heal wounds {unknown}
 m - a potion of lignification {unknown}
 n - a potion of resistance {unknown}
 p - a potion of curing {unknown}
 q - a potion of degeneration {unknown}


   Skills:
 - Level 2.1 Dodging
 - Level 2.0 Stealth
 - Level 2.0 Spellcasting
 * Level 5.3 Conjurations
 - Level 6.1 Summonings


You had 2 spell levels left.
You knew the following spells:

 Your Spells              Type           Power      Damage    Failure   Level
a - Summon Small Mammal   Summ           88%        N/A       1%          1
b - Magic Dart            Conj           76%        1d6       2%          1
c - Call Imp              Summ           22%        N/A       2%          2
d - Searing Ray           Conj           38%        2d5       3%          2

Your spell library contained the following spells:

 Spells                   Type           Power      Damage    Failure   Level
 Slow                     Hex            4%         N/A       19%         1
 Call Canine Familiar     Summ           22%        N/A       4%          3
 Summon Guardian Golem    Hex/Summ       12%        N/A       17%         3
 Confusing Touch          Hex            1%         N/A       50%         3
 Vampiric Draining        Necr           1%         2d6       50%         3
 Summon Lightning Spire   Summ/Air       12%        N/A       50%         4
 Fulminant Prism          Conj/Hex       5%         3d7       54%         4
 Olgreb's Toxic Radiance  Pois           1%         N/A       88%         4
 Ozocubu's Refrigeration  Ice            0%         4d5       100%        7
 Ignition                 Fire           0%         3d3       100%        8
 Chain Lightning          Conj/Air       5%         3d6       100%        9
 Fire Storm               Conj/Fire      5%         8d1       100%        9
 Shatter                  Erth           0%         3d5*      100%        9


Dungeon Overview and Level Annotations

Branches:
Dungeon (3/15)

Altars:


Innate Abilities, Weirdness & Mutations

You have a beak for a mouth.
You have claws for feet.
Your magical nature lets you fly swiftly and evasively.


Message History

Aim: an orc priest, wielding a +0 trident and wearing a +0 chain mail (moderately wounded, 84% to hit)
The searing ray hits the orc priest.
The orc priest is moderately wounded. (Press . to maintain the ray.)
The orc priest looks braver for a moment.
The searing ray misses the orc priest.
The orc priest hits you with a +0 trident.
The searing ray hits the orc priest but does no damage.
The orc priest is moderately wounded.
The orc priest misses you.
The searing ray hits the orc priest.
The orc priest is moderately wounded.
You finish channelling your searing ray.
The orc priest mumbles some strange prayers to Beogh against you.
Beogh smites you!
Ouch! That really hurt!
* * * LOW HITPOINT WARNING * * *
Unknown command.
Casting: Searing Ray (safe; 3% risk of failure)
Confirm with . or Enter, or press ? or * to list all spells.
Aiming: Searing Ray (safe; 3% risk of failure)
Press: ? - help, Shift-Dir - straight line, f/p - orc priest
Aim: an orc priest, wielding a +0 trident and wearing a +0 chain mail (moderately wounded, 84% to hit)
The searing ray hits the orc priest.
The orc priest is heavily wounded. (Press . to maintain the ray.)
The orc priest misses you.
The searing ray misses the orc priest.
The orc priest closely misses you.
Unknown command.
You hit the orc priest but do no damage.
Your weapon exudes an aura of protection.
You claw the orc priest, but do no damage.
The orc priest is heavily wounded.
The orc priest closely misses you.
You hit the orc priest but do no damage.
You claw the orc priest.
The orc priest is severely wounded.
The orc priest mumbles some strange prayers to Beogh against you.
Pain shoots through your body!
You die...

.>#.# #.#.# #.#.#
#.#.# #.# #.#.#
#.#.# #.# #.#.#
#.#.# #.# ....#
#.#.#.# #.#
..#####.#.#.# #.#
..........#.# #.#
..#####.###.# #o#
..#####.# #.# #@#
........# #.# #)#
...###### #.# #.#
...########.# #.#
............# #.#
...#######..# #.#
...#........# #.#
...#.#####.#####.##
...#...[<#........#


You could see an orc priest.

Vanquished Creatures
  Jessica (D:2)
  2 orc wizards (D:3)
  3 adders
  A worm (D:2)
  10 orcs (D:3)
  6 endoplasms
  A goblin (D:1)
  4 hobgoblins
  5 jackals (D:3)
  A quokka (D:2)
  3 ball pythons
  A bat (D:1)
  2 frilled lizards
  3 kobolds
  2 rats
45 creatures vanquished.

Vanquished Creatures (collateral kills)
  A bat (D:1)
  2 giant cockroaches
  A goblin (D:1)
  2 hobgoblins (D:1)
  A quokka (D:1)
  2 ball pythons
  A frilled lizard (D:1)
  A kobold (D:1)
11 creatures vanquished.

Grand Total: 56 creatures vanquished

Notes
Turn   | Place    | Note
-------+----------+-------------------------------------------
     0 | D:1      | gruber the Tengu Summoner began the quest for the Orb.
     0 | D:1      | Reached XP level 1. HP: 10/10 MP: 4/4
    64 | D:1      | Reached skill level 5 in Summonings
   566 | D:1      | Reached XP level 2. HP: 14/15 MP: 6/6
  1108 | D:1      | Found a faded altar of an unknown god.
  1325 | D:1      | Learned a level 1 spell: Magic Dart
  1328 | D:1      | Learned a level 2 spell: Call Imp
  2019 | D:2      | Reached XP level 3. HP: 19/19 MP: 4/7
  2127 | D:2      | Reached skill level 6 in Summonings
  2587 | D:2      | Noticed Jessica
  2596 | D:2      | Killed Jessica
  2597 | D:2      | Reached XP level 4. HP: 20/24 MP: 2/8
  2600 | D:2      | Learned a level 2 spell: Searing Ray
  3556 | D:3      | Gained mutation: Your magical nature lets you fly swiftly
                  | and evasively. [Tengu growth]
  3556 | D:3      | Reached XP level 5. HP: 28/28 MP: 5/9
  3578 | D:3      | Reached skill level 5 in Conjurations
  3953 | D:3      | Killed from afar by an orc priest

Illustrated notes

Levels and vault maps discovered:
D:1:      moated_graveyard_arrival, layout_loops_corners,
          shapermc_ecumenical_altar_pompeii
D:2:      layout_basic, minmay_misc_feat_five, uniq_jessica
D:3:      layout_basic

Skill      XL: |  1  2  3  4  5 |
---------------+----------------+-----
Summonings     | 5 6 |  6.1
Conjurations   | 2 4 5 |  5.3
Dodging        | |  2.1
Stealth        | |  2.0
Spellcasting   | |  2.0

Action                   |  1- 3 |  4- 6 || total
-------------------------+-------+-------++-------
Melee: Unarmed           |    67 |       ||    67
       Peck              |    13 |     6 ||    19
       Kick              |    11 |    10 ||    21
       Punch             |     2 |       ||     2
       Dagger            |     4 |    34 ||    38
 Cast: Summon Small Mamm |    29 |       ||    29
       Magic Dart        |     3 |    47 ||    50
       Call Imp          |     3 |       ||     3
       Searing Ray       |       |     4 ||     4
 Stab: Sleeping          |     1 |     1 ||     2
Armor: Robe              |    26 |    12 ||    38
Dodge: Dodged            |    52 |    23 ||    75

Table legend: (Time is in decaauts)
 A = Elapsed time spent in this place.
 B = Non-inter-level travel time spent in this place.
 C = Inter-level travel time spent in this place.
 D = Time resting spent in this place.
 E = Time spent auto-exploring this place.
 F = Levels seen in this place.
 G = Mean time per level.
                   A        B        C        D        E       F      G
               +--------+--------+--------+--------+--------+-----+--------+
         Total |   3928 |   3821 |    107 |      0 |   3306 |   3 | 1309.3 |
       Dungeon |   3928 |   3821 |    107 |      0 |   3306 |   3 | 1309.3 |
               +--------+--------+--------+--------+--------+-----+--------+

Top non-repeatable levels by time:
     D:1: 1959 daAuts
     D:2: 1189 daAuts
     D:3: 780 daAuts
